 Dungeon Crawl Stone Soup version 0.23.2-40-g277498a001 (webtiles) character file.

Game seed: 4996431337104417516

33632 Exodus22XD the Devastator (level 13, 0/63 HPs)
             Began as a Deep Elf Wizard on Sept 20, 2019.
             Was an Elder of Vehumet.
             Slain by a wolf (5 damage)
             ... while petrified by you
             ... on level 5 of the Lair of Beasts.
             The game lasted 01:46:17 (18257 turns).

Exodus22XD the Devastator (Deep Elf Wizard)        Turns: 18257, Time: 01:46:18

Health: 0/63       AC:  8    Str:  4    XL:     13   Next: 37%
Magic:  12/46      EV:  2    Int: 32    God:    Vehumet [****..]
Gold:   916        SH:  0    Dex: 19    Spells: 6/37 levels left

rFire    . . .     SeeInvis .   V - staff of power
rCold    + . .     Gourm    .   (no shield)
rNeg     + + +     Faith    .   m - +2 robe {rC+}
rPois    ∞         Spirit   .   y - +1 hat {MR+}
rElec    .         Reflect  .   (no cloak)
rCorr    .         Harm     .   I - +1 pair of gloves
MR       +....                  D - +0 pair of boots
Stlth    ++........             W - amulet "Ykic" {+Rage rPois rF+ rC- MR- Dex+6}
HPRegen  0.20/turn              L - +3 ring of intelligence
MPRegen  0.30/turn              R - ring of ice

@: lethally poisoned (0 -> 0), petrified, studying Ice Magic, lightly drained
A: no striking features
a: Renounce Religion, Evoke Berserk Rage


You were on level 5 of the Lair of Beasts.
You worshipped Vehumet.
Vehumet was greatly pleased with you.
You were hungry.

You visited 2 branches of the dungeon, and saw 16 of its levels.

You collected 916 gold pieces.

Inventory:

Hand Weapons
 l - a +0 rapier
Armour
 m - a +2 robe of cold resistance (worn)
 w - a +3 leather armour of fire resistance
 y - a +1 hat of magic resistance (worn)
 D - a +0 pair of boots (worn)
 I - a +1 pair of gloves (worn)
Magical Staves
 p - an uncursed staff of earth
 V - an uncursed staff of power (weapon)
Jewellery
 b - an uncursed ring of poison resistance
 f - an uncursed amulet of harm
 h - an uncursed ring of ice
 n - an uncursed ring of wizardry
 K - an uncursed ring of positive energy
 L - a +3 ring of intelligence (left hand)
 N - an uncursed ring of positive energy
 O - a +3 amulet of reflection
 Q - an uncursed amulet of magic regeneration {unknown}
 R - a ring of ice (right hand)
 W - the amulet "Ykic" (around neck) {+Rage rPois rF+ rC- MR- Dex+6}
   (You found it on level 5 of the Lair of Beasts)

   [amulet of rage]

   It affects your dexterity (+6).
   It protects you from fire.
   It makes you vulnerable to cold.
   It protects you from poison.
   It affects your resistance to hostile enchantments.
   It lets you go berserk.
Wands
 e - a wand of scattershot (3)
 k - a wand of digging (8)
 v - a wand of iceblast (10)
 z - a wand of enslavement (14)
 F - a wand of polymorph (20)
 M - a wand of acid (1)
Scrolls
 j - a scroll of magic mapping
 r - 2 scrolls of teleportation
 t - 3 scrolls of fear
 u - 5 scrolls of enchant weapon
 x - 2 scrolls of blinking
 A - a scroll of immolation
 E - a scroll of silence
 G - a scroll of amnesia {unknown}
 H - 3 scrolls of remove curse
 J - 4 scrolls of vulnerability
Potions
 c - 3 potions of might
 g - 10 potions of curing
 i - 2 potions of flight
 o - 2 potions of lignification
 q - 6 potions of mutation
 B - a potion of heal wounds
 C - 2 potions of haste
 P - a potion of agility {unknown}
Books
 U - a manual of Ice Magic
Miscellaneous
 a - a lamp of fire
Comestibles
 d - 38 rations
 s - 3 chunks of flesh


   Skills:
 - Level 2.4(1.9) Dodging
 - Level 2.4(1.9) Stealth
 - Level 12.9(12.2) Spellcasting
 - Level 16.6(15.9) Conjurations
 - Level 1.2(0.7) Hexes
 - Level 8.0(7.4) Summonings
 - Level 1.1(0.6) Translocations
 - Level 7.1(6.5) Fire Magic
 * Level 7.6(7.0) Ice Magic
 - Level 6.1(5.5) Earth Magic
 - Level 6.0(5.5) Evocations


You had 6 spell levels left.
You knew the following spells:

 Your Spells              Type           Power        Failure   Level  Hunger
a - Magic Dart            Conj           ####         0%          1    None
b - Call Imp              Summ           ######..     1%          2    None
c - Blink                 Tloc           N/A          2%          2    None
d - Conjure Flame         Conj/Fire      #######.     1%          3    None
e - Mephitic Cloud        Conj/Pois/Air  ######..     1%          3    None
f - Searing Ray           Conj           ######       0%          2    None
g - Stone Arrow           Conj/Erth      ######       1%          3    None
h - Leda's Liquefaction   Hex/Erth       #####.....   7%          4    None
i - Fireball              Conj/Fire      #######...   1%          5    #......
j - Freezing Cloud        Conj/Ice/Air   #######...   4%          6    ####...

Your spell library contained the following spells:

 Spells                   Type           Power        Failure   Level  Hunger
 Apportation              Tloc           ###...       1%          1    None
 Corona                   Hex            ###....      1%          1    None
 Sting                    Conj/Pois      ####         1%          1    None
 Dazzling Spray           Conj/Hex       ######       1%          3    None
 Ignite Poison            Fire/Tmut/Pois ####....     1%          3    None
 Inner Flame              Hex/Fire       #####...     1%          3    None
 Recall                   Summ/Tloc      N/A          1%          3    None
 Force Lance              Conj/Tloc      ######..     1%          4    None
 Fulminant Prism          Conj/Hex       ######....   1%          4    None
 Iskenderun's Mystic Bla  Conj           #######.     1%          4    None
 Bolt of Draining         Conj/Necr      ######....   1%          5    #......
 Irradiate                Conj/Tmut      ######....   1%          5    #......
 Bolt of Cold             Conj/Ice       #######...   1%          6    ####...
 Slow                     Hex            ###.....     2%          2    None
 Corpse Rot               Necr           N/A          3%          2    None
 Sublimation of Blood     Necr           ###.......   3%          2    None
 Lesser Beckoning         Tloc           ###.......   5%          3    None
 Portal Projectile        Hex/Tloc       ###...       5%          3    None
 Teleport Other           Tloc           ###.....     5%          3    None
 Ice Form                 Ice/Tmut       ######..     5%          4    None
 Ozocubu's Refrigeration  Ice            #######...   5%          6    ####...
 Petrify                  Tmut/Erth      #####...     8%          4    None
 Metabolic Englaciation   Hex/Ice        ######....   14%         5    #......
 Cause Fear               Hex            ###.......   19%         4    None
 Passage of Golubria      Tloc           N/A          19%         4    None
 Agony                    Necr           ###.....     56%         5    #......
 Alistair's Intoxication  Tmut/Pois      ###.....     56%         5    #......
 Dispel Undead            Necr           ###.....     56%         5    #......
 Excruciating Wounds      Chrm/Necr      ###.......   56%         5    #......
 Simulacrum               Ice/Necr       ######....   65%         6    ####...
 Dispersal                Tloc           ###.......   96%         6    ####...


Dungeon Overview and Level Annotations

Branches:
Dungeon (10/15)            Temple (0/1) D:6            Lair (6/6) D:10
 Shoals (0/4) Lair:3       Spider (0/4) Lair:4
  Slime: Lair:5-6       Orc: D:9-12

Altars:
Cheibriados
Makhleb
Okawaru
Qazlal
Ru
Sif Muna
Trog
Uskayaw
Vehumet
The Shining One

Annotations:
D:3 Grinder
Lair:5 exclusion: oklob plant


Message History

You are slowing down.
The wolf completely misses you. The wolf bites you but does no damage.
The catoblepas is engulfed in noxious fumes.
The catoblepas breathes a plume of calcifying dust at you.
The blast of calcifying dust hits you. The wolf bites you!
* * * LOW HITPOINT WARNING * * *
You climb upwards.
Level annotation: exclusion: oklob plant You are feeling hungry.
You feel sick.
You have turned to stone.
The wolf bites you but does no damage. x2; The wolf bites you.
* * * LOW HITPOINT WARNING * * *
The wolf bites you.
* * * LOW HITPOINT WARNING * * *
The wolf bites you!
* * * LOW HITPOINT WARNING * * *
The wolf bites you but does no damage. The wolf bites you!
* * * LOW HITPOINT WARNING * * *
The wolf bites you!
You die...

..............#.............##...
...#P..#.#.######..P.#.....#.....
..####.####.# ########.........
.#.# ######## #........# .###
##.############ ##.>.....P ..##
##.###.##.##..P### ###....PP
...###..÷.....#.....#.# ##....P
..##....†.......h.....## ##......
.......†.......h@......###.......
#......##..P...###P.....##...#P..
##....####.#..## ##.........P#.P.
P....## ###..P####P#........##..
....P# #..P#.####.....##.##..
....## ###.....# ###......###.
....######......#### #P....P# #.
...#....#..........## ##.....# #.
.........(........#.# ##.....# #.


You could see 2 wolves.

Vanquished Creatures
  Gastronok (Lair:2)
  Nessos (Lair:6)
  Snorg (Lair:3)
  Harold (D:8)
  3 hydras
  Fannar (Lair:1)
  Erica (Lair:2)
  Urug (Lair:1)
  Sonja (Lair:2)
  Nergalle (Lair:3)
  A manticore (D:10)
  4 black mambas
  4 spiny frogs
  2 torpor snails
  4 komodo dragons
  2 rime drakes
  A polar bear (Lair:2)
  A slime creature (D:9)
  A hornet (D:9)
  6 dream sheep (Lair:5)
  7 hippogriffs
  27 yaks
  2 wyverns
  3 wraiths
  9 basilisks
  A hungry ghost (D:10)
  An acid dragon (D:9)
  9 water moccasins
  3 orc warriors
  15 porcupines
  7 necrophages
  5 ice beasts
  A phantom (D:10)
  A black bear (D:8)
  4 sky beasts
  10 centaurs
  4 ogres
  10 wolves
  6 crocodiles
  18 bullfrogs
  A wyvern zombie (D:8)
  A scorpion (D:9)
  A water moccasin skeleton (D:8)
  10 killer bees
  A wight (D:9)
  2 electric eels (Lair:5)
  4 howler monkeys
  A crimson imp (D:10)
  7 hounds
  2 jellies (D:5)
  A centaur zombie (D:5)
  7 orc priests
  3 bullfrog skeletons
  3 centaur skeletons
  15 orc wizards
  Ijyb (D:4)
  6 hell rats
  4 iguanas
  9 worker ants
  A hound zombie (D:8)
  A hound skeleton (D:4)
  2 worker ant zombies
  3 gnolls (D:4)
  23 adders
  3 howler monkey skeletons
  4 shadow imps
  2 oozes
  2 adder skeletons (D:5)
  An adder zombie (D:9)
  4 worms
  A dart slug (D:1)
  5 leopard geckos
  44 orcs
  2 ball pythons
  7 bats
  5 giant cockroaches
  8 goblins
  8 hobgoblins
  13 jackals
  A quokka (D:7)
  7 frilled lizards
  2 jackal skeletons
  7 kobolds
  2 quokka skeletons
  A quokka zombie (D:5)
  4 rats
423 creatures vanquished.

Vanquished Creatures (collateral kills)
  A centaur (D:8)
  3 jackals (D:3)
4 creatures vanquished.

Vanquished Creatures (others)
  A killer bee (D:7)
  4 fungi
  3 plants
8 creatures vanquished.

Grand Total: 435 creatures vanquished

Notes
Turn   | Place    | Note
-------+----------+-------------------------------------------
     0 | D:1      | Exodus22XD the Deep Elf Wizard began the quest for the Orb.
     0 | D:1      | Reached XP level 1. HP: 10/10 MP: 7/7
    91 | D:1      | Reached skill level 2 in Conjurations
   182 | D:1      | Reached XP level 2. HP: 9/15 MP: 7/9
   295 | D:1      | Reached skill level 3 in Conjurations
   462 | D:1      | Reached XP level 3. HP: 18/19 MP: 4/10
   891 | D:2      | Reached skill level 4 in Conjurations
  1217 | D:2      | Reached XP level 4. HP: 24/24 MP: 8/12
  1221 | D:2      | Learned a level 2 spell: Call Imp
  1224 | D:2      | Learned a level 2 spell: Blink
  1228 | D:2      | Learned a level 3 spell: Conjure Flame
  1232 | D:2      | Learned a level 3 spell: Mephitic Cloud
  1399 | D:2      | Noticed a sky beast
  1406 | D:2      | Killed a sky beast
  1406 | D:2      | Reached XP level 5. HP: 28/28 MP: 3/13
  2124 | D:3      | Reached skill level 5 in Spellcasting
  2269 | D:3      | Reached XP level 6. HP: 32/32 MP: 11/15
  2484 | D:3      | Noticed Grinder
  3152 | D:4      | Noticed Ijyb
  3198 | D:4      | Killed Ijyb
  3550 | D:4      | Reached XP level 7. HP: 36/36 MP: 5/20
  3896 | D:4      | Found a sacrificial altar of Ru.
  3897 | D:4      | Found a radiant altar of Vehumet.
  4016 | D:4      | Found a stormy altar of Qazlal.
  4018 | D:4      | Found a bloodstained altar of Trog.
  4546 | D:4      | Found a glowing golden altar of the Shining One.
  4707 | D:5      | Entered Level 5 of the Dungeon
  5020 | D:5      | Reached skill level 10 in Spellcasting
  5021 | D:5      | Reached skill level 5 in Conjurations
  5027 | D:5      | Reached XP level 8. HP: 28/41 MP: 4/24
  5045 | D:5      | HP: 2/41 [orc priest/divine providence (12)]
  5390 | D:5      | Reached skill level 6 in Conjurations
  5601 | D:5      | Reached skill level 7 in Conjurations
  5862 | D:4      | Became a worshipper of Vehumet
  6105 | D:6      | Reached skill level 8 in Conjurations
  6146 | D:6      | Found a staircase to the Ecumenical Temple.
  6384 | D:6      | Found a deep blue altar of Sif Muna.
  6516 | D:6      | Identified Sif Muna's Guide on Intoxication
  6640 | D:6      | Reached skill level 9 in Conjurations
  6841 | D:6      | Reached * piety under Vehumet
  6841 | D:6      | Offered knowledge of Flame Tongue by Vehumet.
  6842 | D:6      | Reached XP level 9. HP: 42/45 MP: 11/25
  6990 | D:6      | Found an iron altar of Okawaru.
  7271 | D:7      | Reached skill level 10 in Conjurations
  7717 | D:7      | Reached skill level 5 in Summonings
  7869 | D:7      | You fall through a shaft for 3 floors!
  7869 | D:10     | Entered Level 10 of the Dungeon
  7901 | D:10     | Offered knowledge of Throw Flame by Vehumet.
  7948 | D:9      | Reached ** piety under Vehumet
  8133 | D:9      | Found a sacrificial altar of Ru.
  8492 | D:8      | Noticed Harold
  8527 | D:8      | Killed Harold
  8527 | D:8      | Reached XP level 10. HP: 22/50 MP: 5/26
  9062 | D:8      | Reached skill level 11 in Conjurations
  9071 | D:8      | Learned a level 2 spell: Searing Ray
  9533 | D:8      | Noticed a +0 hand axe
  9533 | D:8      | Noticed a +0 dagger
  9536 | D:8      | Found a hide-covered altar of Uskayaw.
  9775 | D:9      | Reached skill level 12 in Conjurations
  9806 | D:9      | Noticed a cyclops
 10614 | D:10     | Reached skill level 13 in Conjurations
 10619 | D:10     | Offered knowledge of Stone Arrow by Vehumet.
 10800 | D:10     | Reached XP level 11. HP: 50/54 MP: 17/27
 10838 | D:10     | Found a burning altar of Makhleb.
 10942 | D:10     | Reached *** piety under Vehumet
 11520 | D:10     | Learned a level 3 spell: Stone Arrow
 11551 | D:10     | Offered knowledge of Airstrike by Vehumet.
 11759 | D:10     | Found a staircase to the Lair.
 12071 | Lair:1   | Entered Level 1 of the Lair of Beasts
 12071 | Lair:1   | Noticed Urug
 12102 | Lair:1   | Killed Urug
 12254 | Lair:1   | Reached skill level 14 in Conjurations
 12513 | Lair:1   | Noticed a five-headed hydra
 12532 | Lair:1   | Killed a five-headed hydra
 12782 | Lair:1   | Reached skill level 15 in Conjurations
 12943 | Lair:1   | Found a snail-covered altar of Cheibriados.
 13322 | Lair:2   | Noticed Fannar
 13332 | Lair:1   | Killed Fannar
 13478 | Lair:2   | Reached **** piety under Vehumet
 13478 | Lair:2   | Reached XP level 12. HP: 59/59 MP: 20/30
 13760 | Lair:2   | Noticed Gastronok
 14025 | Lair:2   | Noticed Erica
 14046 | Lair:2   | Noticed Sonja
 14241 | Lair:2   | Killed Sonja
 14241 | Lair:2   | Reached skill level 16 in Conjurations
 14248 | Lair:2   | Killed Erica
 14340 | Lair:2   | Killed Gastronok
 14340 | Lair:2   | Offered knowledge of Static Discharge by Vehumet.
 14600 | Lair:2   | Learned a level 4 spell: Leda's Liquefaction
 14610 | Lair:3   | Noticed Snorg
 14761 | Lair:3   | Noticed a six-headed hydra
 14768 | Lair:3   | Killed a six-headed hydra
 14768 | Lair:3   | Reached skill level 5 in Earth Magic
 14918 | Lair:3   | Reached skill level 1 in Evocations
 15002 | Lair:3   | Found a staircase to the Shoals.
 15244 | Lair:3   | Killed Snorg
 15280 | Lair:3   | Noticed Nergalle
 15296 | Lair:3   | Killed Nergalle
 15296 | Lair:3   | Reached skill level 1 in Hexes
 15296 | Lair:3   | Reached skill level 5 in Evocations
 16115 | Lair:3   | Found a bloodstained altar of Trog.
 16365 | Lair:4   | Reached ***** piety under Vehumet
 16365 | Lair:4   | Offered knowledge of Fireball by Vehumet.
 16372 | Lair:4   | Learned a level 5 spell: Fireball
 16383 | Lair:4   | Reached XP level 13. HP: 63/63 MP: 18/31
 16508 | Lair:4   | Reached skill level 5 in Fire Magic
 16619 | Lair:4   | Found a hole to the Spider Nest.
 17127 | Lair:5   | Identified the Tome of Translocation
 17324 | Lair:5   | Got a glittering brass amulet
 17487 | Lair:5   | Learned a level 6 spell: Freezing Cloud
 17495 | Lair:5   | Reached skill level 1 in Ice Magic
 17878 | Lair:5   | Identified the amulet "Ykic" {+Rage rPois rF+ rC- MR-
                  | Dex+6} (You found it on level 5 of the Lair of Beasts)
 18030 | Lair:5   | Reached skill level 5 in Ice Magic
 18166 | Lair:6   | Entered Level 6 of the Lair of Beasts
 18240 | Lair:6   | Noticed Nessos
 18250 | Lair:6   | Killed Nessos
 18257 | Lair:5   | Slain by a wolf

Skill      XL: |  1  2  3  4  5  6  7  8  9 10 11 12 13 |
---------------+----------------------------------------+-----
Conjurations   | 2 3 4 5 9 10 13 15 16 | 16.6
Summonings     | 3 4 8 |  8.0
Spellcasting   | 5 7 10 12 | 12.9
Fire Magic     | 4 7 |  7.1
Earth Magic    | 6 |  6.1
Evocations     | 6 |  6.0
Hexes          | 1 |  1.2
Ice Magic      | 7 |  7.6
Dodging        | |  2.4
Stealth        | |  2.4
Translocations | |  1.1

Action                   |  1- 3 |  4- 6 |  7- 9 | 10-12 | 13-15 || total
-------------------------+-------+-------+-------+-------+-------++-------
Melee: Rapier            |       |       |     7 |       |       ||     7
       Staff             |       |       |       |     7 |       ||     7
 Cast: Magic Dart        |    88 |   142 |   318 |   202 |    21 ||   771
       Conjure Flame     |       |     6 |    30 |    51 |       ||    87
       Mephitic Cloud    |       |     3 |    24 |    37 |     4 ||    68
       Call Imp          |       |    10 |     5 |       |       ||    15
       Blink             |       |       |     8 |     8 |     3 ||    19
       Searing Ray       |       |       |       |    41 |       ||    41
       Stone Arrow       |       |       |       |   171 |    60 ||   231
       Leda's Liquefacti |       |       |       |     2 |       ||     2
       Fireball          |       |       |       |       |    13 ||    13
       Freezing Cloud    |       |       |       |       |     1 ||     1
Evoke: Wand              |       |       |    28 |     6 |       ||    34
       Lamp of fire      |       |       |       |     1 |       ||     1
  Use: Scroll            |       |       |     6 |    16 |     2 ||    24
       Potion            |       |       |     2 |       |     1 ||     3
 Stab: Confused          |       |       |       |     1 |       ||     1
  Eat: Chunk             |       |     8 |    15 |    23 |     6 ||    52
Armor: Robe              |     1 |     2 |    10 |    18 |     7 ||    38
Dodge: Dodged            |    10 |    13 |    57 |    55 |     7 ||   142
